 Dungeon Crawl Stone Soup version 0.29-a0-914-g906f1d757c (webtiles) character file.

Game seed: 8866175000608769140

81 inmateoo the Insei (level 4, 0/28 HPs)
             Began as an Octopode Transmuter on July 26, 2022.
             Slain by an orc
             ... wielding a +0 falchion
              (5 damage)
             ... on level 3 of the Dungeon.
             The game lasted 00:03:18 (2183 turns).

inmateoo the Insei (Octopode Transmuter)            Turns: 2183, Time: 00:03:19

Health: 0/28       AC:  1    Str:  9    XL:     4   Next: 42%
Magic:  3/7        EV: 13    Int: 17    God:
Gold:   117        SH:  0    Dex: 12    Spells: 1/7 levels left

rFire   . . .      SeeInvis .     - Unarmed
rCold   . . .      Faith    .   (no shield)
rNeg    . . .      Spirit   .   (helmet currently unavailable)
rPois   .          Reflect  .   (no amulet)
rElec   .          Harm     .   (no ring)
rCorr   .          Rampage  .   (no ring)
Will    .....                   (no ring)
Stlth   +++.......              (no ring)
HPRegen 0.09/turn               (no ring)
MPRegen 0.10/turn               (no ring)
                                (no ring)
                                (no ring)

@: appendages, wereblooded
A: tentacle spike 3, almost no armour, amphibious, 8 rings, camouflage 1,
gelatinous body 1, (nimble swimmer 1), tentacles
a: End Transformation


You were on level 3 of the Dungeon.
One of your tentacles had grown a beastly spike.
You visited 1 branch of the dungeon, and saw 3 of its levels.

You collected 117 gold pieces.

Inventory:

Missiles
 g - 6 stones (quivered)
Scrolls
 c - a scroll of noise {unknown}
 d - a scroll of fog {unknown}
 e - a scroll of fear {unknown}
 h - a scroll of amnesia {unknown}
 i - a scroll of enchant weapon {unknown}
 j - a scroll of identify {unknown}
Potions
 a - a potion of lignification
 b - 3 potions of curing {unknown}
 f - 2 potions of brilliance {unknown}
 k - a potion of cancellation {unknown}
 l - 2 potions of attraction {unknown}


   Skills:
 + Level 1.4 Fighting
 + Level 1.0 Throwing
 + Level 2.4 Dodging
 + Level 2.0 Stealth
 + Level 3.3 Unarmed Combat
 + Level 2.3 Spellcasting
 + Level 2.3 Transmutations
 + Level 1.0 Poison Magic


You had one spell level left.
You knew the following spells:

 Your Spells              Type           Power      Damage    Failure   Level
a - Beastly Appendage     Tmut           20%        N/A       7%          1
b - Wereblood             Tmut           10%        N/A       11%         2
c - Spider Form           Tmut/Pois      7%         N/A       28%         3

Your spell library contained the following spells:

 Spells                   Type           Power      Damage    Failure   Level
 Ice Form                 Ice/Tmut       6%         N/A       75%         4


Dungeon Overview and Level Annotations

Branches:
Dungeon (3/15)

Altars:
Ru


Innate Abilities, Weirdness & Mutations

One of your tentacles has grown a beastly spike.
You cannot wear most types of armour.
You are amphibious.
You can wear up to eight rings at the same time.
Your skin changes colour to match your surroundings (Stealth+).
Your rubbery body absorbs attacks. (AC +1, EV +1)
((You are camouflaged when in or above water. (Stealth+)))
You have tentacles for arms and can constrict up to eight enemies at once.


Message History

Your Poison Magic skill increases to level 1!
You have reached level 4!
You tentacle-slap the orc but do no damage.
Your grab misses the orc.
Your tentacle spike misses the orc.
The orc misses you.
You barely miss the orc. You grab the orc.
Your tentacle spike disappears.
You constrict the orc, but do no damage.
You tentacle-slap the orc but do no damage.
You constrict the orc, but do no damage.
The orc closely misses you.
You tentacle-slap the orc but do no damage.
Your squeeze misses the orc.
You howl as the wereblood boils in your veins!
You constrict the orc, but do no damage.
The orc misses you.
Casting: Beastly Appendage (safe; 7% risk of failure)
Confirm with . or Enter, or press ? or * to list all spells.
One of your tentacles grows a vicious spike.
You constrict the orc.
An orc comes into view. It is wielding a +0 falchion.
The orc hits you with a +0 short sword.
* * * LOW HITPOINT WARNING * * *
You tentacle-slap the orc.
You feel a bit better.
You kill the orc!
Your Stealth skill increases to level 2!
You tentacle-slap the orc. Your grab misses the orc.
You pierce the orc.
The orc is severely wounded.
The orc hits you with a +0 club.
* * * LOW HITPOINT WARNING * * *
You tentacle-slap the orc but do no damage.
You grab the orc.
You pierce the orc.
You feel a bit better.
You kill the orc!
You tentacle-slap the orc. Your grab misses the orc.
Your tentacle spike misses the orc.
Your squeeze misses the orc.
The orc is almost dead.
You hear an angry hiss.
An iguana comes into view.
The orc hits you with a +0 falchion.
You die...

#... #... #... ##
#... #. #... #.###
#.## ..l ...
#o#### ###########
#@#..###...#..#..#
#......###...##.##
###......###†...#.
#'#......###....
#.###...)..###..
#.. ###......###
### ###..)...#
###..... ##......


You could see an iguana and an orc.

Vanquished Creatures
  An orc wizard (D:3)
  2 adders
  3 orcs (D:3)
  4 ball pythons
  6 endoplasms
  2 giant cockroaches
  6 hobgoblins
  4 bats
  A frilled lizard (D:1)
  A goblin (D:1)
  4 kobolds
  2 rats
36 creatures vanquished.

Notes
Turn   | Place    | Note
-------+----------+-------------------------------------------
     0 | D:1      | inmateoo the Octopode Transmuter began the quest for the
                  | Orb.
     0 | D:1      | Reached XP level 1. HP: 13/13 MP: 3/3
   329 | D:1      | Found a faded altar of an unknown god.
   354 | D:1      | Reached XP level 2. HP: 12/18 MP: 3/5
  1037 | D:1      | Reached skill level 1 in Stealth
  1265 | D:2      | Found a sacrificial altar of Ru.
  1279 | D:2      | Learned a level 2 spell: Wereblood
  1386 | D:2      | Reached XP level 3. HP: 18/23 MP: 4/6
  1404 | D:2      | Learned a level 3 spell: Spider Form
  2175 | D:3      | Reached skill level 1 in Throwing
  2175 | D:3      | Reached skill level 1 in Poison Magic
  2175 | D:3      | Reached XP level 4. HP: 11/28 MP: 3/7
  2183 | D:3      | Slain by an orc

Illustrated notes

Levels and vault maps discovered:
D:1:      giann_horns, layout_basic, shapermc_ecumenical_altar_totnotflames
D:2:      kb_forest_paths, layout_rooms, basic_altar, nicolae_titane
D:3:      minmay_razor_zed, layout_basic, nicolae_ashenzari_skybound

Skill      XL: |  1  2  3  4 |
---------------+-------------+-----
Stealth        | 1 2 |  2.0
Throwing       | 1 |  1.0
Poison Magic   | 1 |  1.0
Fighting       | |  1.4
Dodging        | |  2.4
Unarmed Combat | |  3.3
Spellcasting   | |  2.3
Transmutations | |  2.3

Action                   |  1- 3 |  4- 6 || total
-------------------------+-------+-------++-------
Melee: Unarmed           |    82 |     8 ||    90
       Kick              |    20 |     2 ||    22
       Constrict         |    16 |     2 ||    18
       Tentacles         |    13 |       ||    13
       Punch             |     1 |       ||     1
Throw: Stone             |     9 |       ||     9
 Cast: Beastly Appendage |    21 |     1 ||    22
       Spider Form       |     2 |       ||     2
       Wereblood         |     1 |       ||     1
 Stab: Sleeping          |     4 |       ||     4
       Distracted        |     1 |       ||     1
Armor: Skin              |     9 |       ||     9
Dodge: Dodged            |    47 |     3 ||    50

Table legend: (Time is in decaauts)
 A = Elapsed time spent in this place.
 B = Non-inter-level travel time spent in this place.
 C = Inter-level travel time spent in this place.
 D = Time resting spent in this place.
 E = Time spent auto-exploring this place.
 F = Levels seen in this place.
 G = Mean time per level.
                   A        B        C        D        E       F      G
               +--------+--------+--------+--------+--------+-----+--------+
         Total |   2178 |   2114 |     64 |    768 |    930 |   3 |  726.0 |
       Dungeon |   2178 |   2114 |     64 |    768 |    930 |   3 |  726.0 |
               +--------+--------+--------+--------+--------+-----+--------+

Top non-repeatable levels by time:
     D:1: 1206 daAuts
     D:2: 515 daAuts
     D:3: 456 daAuts
